 Dungeon Crawl Stone Soup version 0.27-a0-681-g0c81a3c1c3 (webtiles) character file.

Game seed: 11504687466613491838

1343 rjrrt the Cleaver (level 8, -2/102 HPs)
             Began as a Minotaur Berserker on Mar 20, 2021.
             Was an Elder of Trog.
             Slain by an orc warrior
             ... wielding a +0 halberd
              (17 damage)
             ... on level 6 of the Dungeon.
             The game lasted 00:07:07 (5473 turns).

rjrrt the Cleaver (Minotaur Berserker)              Turns: 5473, Time: 00:07:07

Health: -2/102     AC: 13    Str: 24    XL:     8   Next: 35%
Magic:  7/7        EV:  7    Int:  4    God:    Trog [****..]
Gold:   229        SH:  0    Dex: 10    Spells: 7/7 levels left

rFire    . . .     SeeInvis .   a - +0 war axe
rCold    . . .     Faith    .   (no shield)
rNeg     . . .     Spirit   .   c - +0 plate armour
rPois    .         Reflect  .   (helmet restricted)
rElec    .         Harm     .   (no cloak)
rCorr    .         Rampage  .   f - +1 pair of gloves
Will     .....                  (no boots)
Stlth    ..........             (no amulet)
HPRegen  0.27/turn              (no ring)
MPRegen  0.10/turn              (no ring)

@: berserking (expiring), very quick
A: horns 2, retaliatory headbutt
a: Renounce Religion, Berserk, Trog's Hand, Brothers in Arms


You were on level 6 of the Dungeon.
You worshipped Trog.
Trog was greatly pleased with you.
You visited 1 branch of the dungeon, and saw 6 of its levels.

You collected 229 gold pieces.

Inventory:

Hand Weapons
 a - a +0 war axe (weapon)
 g - a +0 trident
Missiles
 j - 8 poisoned darts (quivered)
Armour
 c - a +0 plate armour (worn)
 f - a +1 pair of gloves (worn)
Scrolls
 e - a scroll of fog {unknown}
 i - a scroll of teleportation {unknown}
 k - a scroll of fear {unknown}
 l - 2 scrolls of amnesia {unknown}
 n - a scroll of silence {unknown}
 o - a scroll of vulnerability {unknown}
 q - a scroll of random uselessness {unknown}
 s - a scroll of identify {unknown}
 t - a scroll of immolation {unknown}
 u - a scroll of blinking {unknown}
Potions
 b - 2 potions of resistance {unknown}
 d - a potion of brilliance {unknown}
 h - 2 potions of heal wounds {unknown}
 m - a potion of flight {unknown}
 p - a potion of might {unknown}
 r - a potion of curing {unknown}


   Skills:
 - Level 5.0 Fighting
 * Level 11.6 Axes
 - Level 4.0 Armour
 - Level 2.1 Dodging


You had 7 spell levels left.
You didn't know any spells.
Your spell library was empty.

Dungeon Overview and Level Annotations

Branches:
Dungeon (6/15)             Temple (0/1) D:5

Altars:
Cheibriados
Kikubaaqudgha
Nemelex Xobeh
Qazlal
Ru

Shops:
D:5 (


Innate Abilities, Weirdness & Mutations

You have a pair of horns on your head.
You reflexively headbutt those who attack you in melee.


Message History

The orc hits you but does no damage. The orc closely misses you.
The orc priest looks braver for a moment.
The orc warrior hits you with a +0 halberd!!
* * * LOW HITPOINT WARNING * * *
Items here: ))) [[[ †.
You slash the orc warrior!
The orc warrior is moderately wounded.
You hit the orc. You slash the orc!
You kill the orc!
Trog accepts your kill. The orc hits you with a +0 falchion.
* * * LOW HITPOINT WARNING * * *
You are too injured to fight recklessly!
You are too injured to fight recklessly!
Unknown command.
You closely miss the orc warrior. Your headbutt misses the orc warrior.
The orc warrior is moderately wounded.
You slash the orc!
You kill the orc!
Trog accepts your kill.
You slash the orc!
You kill the orc!
Trog accepts your kill.
The orc warrior hits you with a +0 halberd!
* * * LOW HITPOINT WARNING * * *
A gnoll comes into view. It is wielding a +0 whip.
You barely miss the orc warrior. Your headbutt misses the orc warrior.
The orc warrior is moderately wounded.
You slash the orc!
You feel the power of Trog in you as your rage grows.
You kill the orc!
Trog accepts your kill.
Unknown command.
Unknown command.
The orc warrior hits you but does no damage.
There is a stone staircase leading up, spattered with blood here.
Unknown command.
You feel a strong urge to attack something.
The orc warrior hits you from afar with a +0 halberd!
You die...

.....#.....##..>#
.....#........###
###......g...##
###..##....##
.#.#.........#
......#.g.o..#
....#.goo####
########o## #@#
###


You could see an orc warrior, a gnoll shaman, an orc priest, 2 gnolls and 2
orcs.

Vanquished Creatures
  Edmund (D:5)
  2 orc warriors (D:6)
  2 ogres (D:4)
  A centaur (D:3)
  Blork the orc (D:5)
  A scorpion (D:4)
  A howler monkey (D:5)
  A jelly (D:5)
  2 orc priests (D:6)
  2 hounds (D:5)
  A bullfrog skeleton (D:5)
  An iguana (D:4)
  4 worker ants
  3 orc wizards
  A worker ant zombie (D:5)
  A gnoll (D:6)
  10 adders
  A white imp (D:5)
  2 oozes (D:2)
  An ufetubus (D:5)
  2 adder skeletons
  3 worms
  2 dart slugs
  3 leopard geckos
  19 orcs
  2 bat zombies (D:4)
  4 giant cockroaches
  8 goblins
  8 hobgoblins
  4 jackals (D:3)
  2 quokkas
  A ball python (D:1)
  6 bats
  5 frilled lizards
  6 kobolds
  A leopard gecko skeleton (D:4)
  9 rats
124 creatures vanquished.

Notes
Turn   | Place    | Note
-------+----------+-------------------------------------------
     0 | D:1      | rjrrt the Minotaur Berserker began the quest for the Orb.
     0 | D:1      | Reached XP level 1. HP: 19/19 MP: 0/0
   113 | D:1      | Reached skill level 4 in Axes
   266 | D:1      | Reached XP level 2. HP: 21/26 MP: 1/1
  1080 | D:2      | Found a sacrificial altar of Ru.
  1210 | D:2      | Reached XP level 3. HP: 33/33 MP: 2/2
  1225 | D:2      | Reached ** piety under Trog
  1227 | D:2      | Reached skill level 5 in Axes
  1675 | D:2      | Reached XP level 4. HP: 40/40 MP: 3/3
  2509 | D:3      | Found a stormy altar of Qazlal.
  2510 | D:3      | Noticed a centaur
  2588 | D:3      | Reached XP level 5. HP: 47/47 MP: 4/4
  2637 | D:3      | Found a transporter.
  2637 | D:3      | Found a transporter.
  2798 | D:3      | Killed a centaur
  2799 | D:3      | Reached skill level 6 in Axes
  2880 | D:4      | Noticed an ogre
  2890 | D:4      | Killed an ogre
  2891 | D:4      | Reached skill level 5 in Fighting
  2891 | D:4      | Reached skill level 7 in Axes
  2891 | D:4      | Reached XP level 6. HP: 37/56 MP: 5/5
  3139 | D:4      | Reached *** piety under Trog
  3400 | D:4      | Found a sparkling altar of Nemelex Xobeh.
  3498 | D:4      | Identified the +4 ring mail of Untold Secrets {rCorr Dex+4}
  3527 | D:4      | Identified the +1 leather armour of the Curious Xenophobes
                  | {Harm rC+ Slay+5 Stlth-}
  3530 | D:4      | Found a snail-covered altar of Cheibriados.
  3606 | D:4      | Reached skill level 8 in Axes
  3796 | D:4      | Reached XP level 7. HP: 55/61 MP: 6/6
  3862 | D:4      | Found an ancient bone altar of Kikubaaqudgha.
  3924 | D:5      | Entered Level 5 of the Dungeon
  4012 | D:5      | Found a staircase to the Ecumenical Temple.
  4056 | D:5      | Reached skill level 9 in Axes
  4293 | D:5      | Noticed Blork the orc
  4297 | D:5      | Killed Blork the orc
  4342 | D:5      | Noticed Edmund
  4354 | D:5      | Killed Edmund
  4443 | D:5      | Reached skill level 10 in Axes
  4531 | D:5      | Found Bawauv's Antique Weapon Shoppe.
  4729 | D:5      | Reached XP level 8. HP: 65/68 MP: 7/7
  4983 | D:6      | Reached **** piety under Trog
  4984 | D:6      | Reached skill level 11 in Axes
  5473 | D:6      | Slain by an orc warrior

Illustrated notes

Levels and vault maps discovered:
D:1:      dpeg_arrival_long_road, layout_rooms
D:2:      layout_loops_corners, nicolae_ru_path_of_blood
D:3:      layout_basic, gammafunk_temple_overflow_arena
D:4:      layout_basic, cheibriados_altar_1, lemuel_zombie_altar_kikubaaqudgha,
          lemuel_doored_altar
D:5:      layout_basic, minmay_temple_entry_glass, serial_shops,
          kennysheep_mini_moat, uniq_edmund, uniq_blork_the_orc
D:6:      layout_cave_pools

Skill      XL: |  1  2  3  4  5  6  7  8 |
---------------+-------------------------+-----
Axes           | 4 5 7 8 10 11 | 11.6
Fighting       | 4 5 |  5.0
Armour         | 3 4 |  4.0
Dodging        | |  2.1

Action                   |  1- 3 |  4- 6 |  7- 9 || total
-------------------------+-------+-------+-------++-------
Melee: Hand axe          |    38 |       |       ||    38
       Headbutt          |    10 |    16 |    21 ||    47
       War axe           |    40 |    98 |   100 ||   238
Invok: Berserk           |       |     2 |     3 ||     5
Armor: Animal skin       |     4 |       |       ||     4
       Plate armour      |    55 |    52 |    67 ||   174
Dodge: Dodged            |    48 |    44 |    35 ||   127

Table legend: (Time is in decaauts)
 A = Elapsed time spent in this place.
 B = Non-inter-level travel time spent in this place.
 C = Inter-level travel time spent in this place.
 D = Time resting spent in this place.
 E = Time spent auto-exploring this place.
 F = Levels seen in this place.
 G = Mean time per level.
                   A        B        C        D        E       F      G
               +--------+--------+--------+--------+--------+-----+--------+
         Total |   5551 |   5376 |    175 |    580 |   3975 |   6 |  925.2 |
       Dungeon |   5551 |   5376 |    175 |    580 |   3975 |   6 |  925.2 |
               +--------+--------+--------+--------+--------+-----+--------+

Top non-repeatable levels by time:
     D:5: 1247 daAuts
     D:2: 1134 daAuts
     D:4: 1082 daAuts
     D:1: 1051 daAuts
     D:3: 707 daAuts
     D:6: 327 daAuts
